 Dungeon Crawl Stone Soup version 0.27.0-1-g7a089689b8 (webtiles) character file.

Game seed: 7385638414497236916

133 Revguard the Stinger (level 4, -2/32 HPs)
             Began as a Demonspawn Venom Mage on Aug 9, 2021.
             Slain by a river rat (7 damage)
             ... summoned by Eustachio
             ... on level 4 of the Dungeon.
             The game lasted 00:18:00 (5105 turns).

Revguard the Stinger (Demonspawn Venom Mage)        Turns: 5105, Time: 00:18:01

Health: -2/32      AC:  3    Str:  6 (9)  XL:     4   Next: 94%
Magic:  0/7        EV: 12    Int: 15 (17) God:
Gold:   133        SH:  0    Dex: 12 (13) Spells: 0/7 levels left

rFire    . . .     SeeInvis .   i - +3 dagger
rCold    . . .     Faith    .   (no shield)
rNeg     . . .     Spirit   .   a - +1 robe
rPois    .         Reflect  .   (no helmet)
rElec    .         Harm     .   (no cloak)
rCorr    .         Rampage  .   (no gloves)
Will     .....                  (no boots)
Stlth    ++........             b - amulet of the acrobat
HPRegen  0.10/turn              (no ring)
MPRegen  0.10/turn              (no ring)

@: no status effects
A: ignite blood 1
a: no special abilities


You were on level 4 of the Dungeon.
You visited 1 branch of the dungeon, and saw 4 of its levels.

You collected 133 gold pieces.

Inventory:

Hand Weapons
 i - a +3 dagger (weapon)
Armour
 a - a +1 robe (worn)
Jewellery
 b - an amulet of the acrobat (around neck)
Wands
 l - a wand of flame (14)
Scrolls
 f - a scroll of amnesia {unknown}
 g - a scroll of blinking
Potions
 c - 2 potions of curing
 d - a potion of flight {unknown}
 e - a potion of heal wounds
 h - a potion of might {unknown}
 j - a potion of mutation {unknown}
 k - a potion of berserk rage {unknown}


   Skills:
 + Level 1.4 Fighting
 + Level 0.3 Short Blades
 + Level 2.4 Dodging
 + Level 2.5 Stealth
 + Level 2.4 Spellcasting
 + Level 1.7 Transmutations
 + Level 1.0 Ice Magic
 + Level 3.4 Poison Magic


You couldn't memorise any spells.
You knew the following spells:

 Your Spells              Type           Power      Damage    Failure   Level
a - Sting                 Tmut/Pois      36%        1d4       8%          1
b - Poisonous Vapours     Pois/Air       14%        N/A       16%         2
c - Freeze                Ice            20%        1d4       14%         1
d - Ignite Poison         Fire/Tmut/Pois 7%         N/A       30%         3

Your spell library contained the following spells:

 Spells                   Type           Power      Damage    Failure   Level
 Animate Skeleton         Necr           2%         N/A       22%         1
 Pain                     Necr           4%         1d4       22%         1
 Summon Small Mammal      Summ           4%         N/A       22%         1
 Mephitic Cloud           Conj/Pois/Air  5%         N/A       36%         3
 Frozen Ramparts          Ice            10%        1d3       38%         3
 Olgreb's Toxic Radiance  Pois           12%        N/A       45%         4
 Call Canine Familiar     Summ           1%         N/A       54%         3
 Conjure Flame            Conj/Fire      1%         6-21      54%         3
 Summon Guardian Golem    Hex/Summ       1%         N/A       54%         3
 Vampiric Draining        Necr           0%         2d6       54%         3
 Hailstorm                Conj/Ice       3%         3d3       86%         4
 Sticky Flame             Conj/Fire      1%         2d3       91%         4
 Fireball                 Conj/Fire      0%         3d3       99%         5
 Iskenderun's Battlesphe  Conj           1%         2d6       99%         5
 Conjure Ball Lightning   Conj/Air       0%         3x3d6     100%        6
 Orb of Destruction       Conj           0%         N/A       100%        7


Dungeon Overview and Level Annotations

Branches:
Dungeon (4/15)
 Temple: D:4-7

Altars:
Dithmenos
The Shining One

Annotations:
D:4 Eustachio


Innate Abilities, Weirdness & Mutations

Your demonic aura sometimes causes spilled blood to erupt in flames.


Message History

You hit Eustachio but do no damage.
Eustachio is moderately wounded.
The bat barely misses you. x2; The river rat closely misses you.
Eustachio gestures wildly while chanting.
Eustachio blinks!
The bat barely misses you. The bat completely misses you.
The river rat completely misses you. The quokka closely misses you.
Eustachio mumbles some strange words.
Eustachio blinks!
The bat hits you but does no damage.
The river rat twitches its whiskers.
The river rat misses you. The bat misses you. The quokka misses you.
You hit Eustachio.
Eustachio is heavily wounded.
The bat hits you but does no damage. The bat closely misses you.
The river rat closely misses you.
The quokka bites you but does no damage.
You hit Eustachio.
Eustachio is heavily wounded.
Eustachio looks more healthy.
The bat barely misses you.
Eustachio gestures wildly while chanting.
The quokka barely misses you. The bat hits you but does no damage.
The river rat bites you.
Aiming: Sting (safe; 8% risk of failure)
Press: ? - help, Q - select action, (/) - cycle Shift-Dir - straight line, f/p - Eustachio
Aim: Eustachio, wielding a +0 falchion and wearing a +0 leather armour (heavily wounded, 56% to hit)
The sting misses Eustachio.
The bat barely misses you. x2; The quokka bites you.
Eustachio closely misses you. The river rat bites you.
The ufetubus completely misses you. The ufetubus closely misses you.
The quokka closely misses you.
You closely miss Eustachio.
Eustachio is heavily wounded.
The bat hits you but does no damage. The ufetubus hits you.
* * * LOW HITPOINT WARNING * * *
The ufetubus hits you.
* * * LOW HITPOINT WARNING * * *
Eustachio mumbles some strange words.
Eustachio blinks!
The river rat bites you!
You die...

#.###.##........##
#...............#
#####.########.##
#######.## .#
..<......# #+##
.######..# ##...##
##..# ##.....##
###...# ##§b.....##
###.....###5@r.?....#
..........'.rb......+
###....>###......@..#
........# ##?......##
###.##### ##.....##
#. ##...## # #+##


You could see Eustachio, a river rat (summoned), an ufetubus (summoned), a
quokka (summoned) and 2 bats.

Vanquished Creatures
  3 adders
  4 gnolls (D:2)
  3 worms
  4 ball pythons
  3 bats (D:1)
  6 endoplasms
  2 giant cockroaches
  3 goblins
  6 hobgoblins
  6 jackals (D:2)
  5 quokkas
  5 frilled lizards
  5 kobolds
  A rat (D:2)
56 creatures vanquished.

Notes
Turn   | Place    | Note
-------+----------+-------------------------------------------
     0 | D:1      | Revguard the Demonspawn Venom Mage began the quest for the
                  | Orb.
     0 | D:1      | Reached XP level 1. HP: 13/13 MP: 3/3
   240 | D:1      | You fall into a shaft and drop 1 floor!
   244 | D:2      | Reached skill level 1 in Transmutations
   404 | D:2      | Gained mutation: Your demonic aura sometimes causes spilled
                  | blood to erupt in flames. [demonic ancestry]
   404 | D:2      | Reached XP level 2. HP: 12/20 MP: 1/5
   684 | D:2      | Learned a level 2 spell: Poisonous Vapours
  1687 | D:1      | Reached skill level 1 in Fighting
  1868 | D:1      | Identified a scroll of acquirement
  1868 | D:1      | Acquired a book of Frost
  1875 | D:1      | Learned a level 1 spell: Freeze
  2078 | D:2      | Reached XP level 3. HP: 26/26 MP: 1/6
  2784 | D:2      | Reached XP level 4. HP: 32/32 MP: 0/7
  3230 | D:2      | Learned a level 3 spell: Ignite Poison
  4002 | D:3      | Found a shadowy altar of Dithmenos.
  4343 | D:3      | Reached skill level 1 in Ice Magic
  5080 | D:4      | Noticed Eustachio
  5105 | D:4      | Slain by a river rat

Illustrated notes

Levels and vault maps discovered:
D:1:      lemuel_arrival_broad_hall, layout_basic
D:2:      layout_loops_corners, minmay_indecisive_spiral
D:3:      layout_basic, nicolae_dithmenos_through_a_glass_darkly,
          mainiacjoe_overflow_catwalk
D:4:      layout_loops_corners, grunt_temple_overflow_gold_and_silver,
          minmay_temple_entry_purple_smoke, uniq_eustachio, uniq_blork_the_orc

Skill      XL: |  1  2  3  4 |
---------------+-------------+-----
Transmutations | 1 |  1.7
Stealth        | 2 |  2.5
Dodging        | 2 |  2.4
Fighting       | 1 |  1.4
Ice Magic      | 1 |  1.0
Short Blades   | |  0.3
Spellcasting   | |  2.4
Poison Magic   | |  3.4

Action                   |  1- 3 |  4- 6 || total
-------------------------+-------+-------++-------
Melee: Unarmed           |    38 |     3 ||    41
       Dagger            |       |    56 ||    56
 Cast: Sting             |    53 |    27 ||    80
       Poisonous Vapours |    20 |     9 ||    29
       Freeze            |     4 |     3 ||     7
  Use: Potion            |     3 |     2 ||     5
       Scroll            |     5 |     1 ||     6
Armor: Robe              |    17 |    24 ||    41
Dodge: Dodged            |   188 |    91 ||   279
